 Dungeon Crawl Stone Soup version 0.19-a0-1626-g5215c36 (webtiles) character file.

62 Alarkh the Grave Robber (level 3, -3/24 HPs)
             Began as a Mummy Necromancer on Sept 18, 2016.
             Slain by a hound (6 damage)
             ... on level 2 of the Dungeon.
             The game lasted 00:01:28 (1420 turns).

Alarkh the Grave Robber (Mummy Necromancer)         Turns: 1420, Time: 00:01:29

Health: -3/24      AC:  2    Str: 11    XL:     3   Next: 85%
Magic:  0/7        EV: 12    Int: 15    God:
Gold:   124        SH:  0    Dex: 12    Spells: 2 memorised, 4 levels left

rFire  x . .     SeeInvis .     e - +0 short sword
rCold  + . .     Gourm    .     a - +0 robe
rNeg   + + +     Faith    .     (no shield)
rPois  ∞         Spirit   .     (no helmet)
rElec  .         Dismiss  .     (no cloak)
rCorr  .         Reflect  .     (no gloves)
MR     .....     Harm     .     (no boots)
Stlth  ++........               (no amulet)
                                (no ring)
                                (no ring)

@: very slightly contaminated
A: no food or potions, fire vulnerability, cold resistance 1, negative energy
resistance 3, torment resistance, unbreathing
a: no special abilities


You were on level 2 of the Dungeon.
You were not hungry.

You visited 1 branch of the dungeon, and saw 2 of its levels.

You collected 124 gold pieces.

Inventory:

Hand Weapons
 e - a +0 short sword (weapon)
Armour
 a - a +0 robe (worn)
Scrolls
 c - a scroll of identify
 d - a scroll of amnesia
 f - a scroll of magic mapping {unknown}
 g - 2 scrolls of remove curse {unknown}
Books
 b - a book of Necromancy

   Spells                             Type                      Level
   a - Pain                           Necromancy                   1
   b - Animate Skeleton               Necromancy                   1
   c - Vampiric Draining              Necromancy                   3
   d - Regeneration                   Charms/Necromancy            3
   e - Animate Dead                   Necromancy                   4
   f - Control Undead                 Necromancy                   4


   Skills:
 - Level 1.5 Dodging
 - Level 1.5 Stealth
 + Level 3.0 Spellcasting
 + Level 4.8 Necromancy


You had 4 spell levels left.
You knew the following spells:

 Your Spells              Type           Power        Failure   Level  Hunger
a - Pain                  Necr           ###.         2%          1    N/A
b - Vampiric Draining     Necr           ###.......   10%         3    N/A

Dungeon Overview and Level Annotations

Branches:
Dungeon (2/15)

Altars:
Makhleb


Innate Abilities, Weirdness & Mutations

You do not eat or drink.
Your flesh is vulnerable to fire.
You are immune to poison.
Your flesh is cold resistant. (rC+)
You are immune to negative energy. (rN+++)
You are immune to unholy pain and torment.
You can survive without breathing.


Message History

You don't have enough magic to cast that spell.
You are too injured to fight recklessly!
You hit the hound.
The hound is almost dead.
The hound bites you. x2
* * * LOW HITPOINT WARNING * * *
You closely miss the hound.
The hound is almost dead.
The hound barely misses you.
Casting: Pain
Confirm with . or Enter, or press ? or * to list all spells.
Aiming: Pain
Press: ? - help, Shift-Dir - straight line, f/p - hound
Aim: a hound (almost dead, chance to defeat MR: 81%)
You miscast Pain.
You are very lightly contaminated with residual magic.
Nothing appears to happen.
The hound bites you.
* * * LOW HITPOINT WARNING * * *
The hound bites you.
You die...

#.# #..# #.# ..#
##.###.# ..#
####..##.# ..#
#........# ###
#.###..#)# ##..#
#.####+#.##
#∩_..###.........#
#.†.h.##........#
#@.##..%....#
##..#.......####
###..##.####>....###
###...###.#
#[###...#
##....###..# #.#
#.#.# #....###..##
#.# ###.#
#........##
#.####... #....#####
#...###.# ######
###.##...


You could see a hound.

Vanquished Creatures
  Ijyb (D:1)
  3 dart slugs
  A leopard gecko (D:1)
  3 bats (D:1)
  3 giant cockroaches
  2 goblins
  2 hobgoblins (D:2)
  3 jackals (D:1)
  3 quokkas (D:2)
  2 frilled lizards (D:2)
  3 kobolds
  2 rats
28 creatures vanquished.

Notes
Turn   | Place    | Note
-------+----------+-------------------------------------------
     0 | D:1      | Alarkh the Mummy Necromancer began the quest for the Orb.
     0 | D:1      | Reached XP level 1. HP: 13/13 MP: 3/3
   308 | D:1      | Reached XP level 2. HP: 9/19 MP: 0/5
  1049 | D:2      | Noticed Ijyb
  1205 | D:1      | Killed Ijyb
  1205 | D:1      | Reached XP level 3. HP: 21/24 MP: 1/7
  1276 | D:2      | Learned a level 3 spell: Vampiric Draining
  1408 | D:2      | Found a burning altar of Makhleb.
  1420 | D:2      | Slain by a hound

Vault maps used:
D:1:      minmay_arrival_loop, serial_forest, infiniplex_forest_corner_1,
          infiniplex_forest_lined_3, infiniplex_forest_join,
          infiniplex_forest_straight_3, infiniplex_forest_lined_1,
          infiniplex_forest_clump_large
D:2:      makhleb_blood_cavern_becter, minmay_misc_feat_hallway,
          minmay_misc_feat_x, kennysheep_jessica_study, uniq_iyjb

Skill      XL: |  1  2 |
---------------+-------+-----
Spellcasting   | 3 |  3.0
Dodging        | |  1.5
Stealth        | |  1.5
Necromancy     | |  4.8

Action                   || total
-------------------------++-------
Melee: Unarmed           ||    11
       Short sword       ||    26
 Cast: Pain              ||    56
  Use: Scroll            ||     1
 Stab: Sleeping          ||     1
Armor: Robe              ||    12
Dodge: Dodged            ||    41
